 Dungeon Crawl Stone Soup version 0.29-a0-338-g1ff7896281 (webtiles) character file.

Game seed: 1577526215342162455

20444 zazu2006 the Covert (level 12, -1/109 HPs)
             Began as a Naga Hedge Wizard on Apr 17, 2022.
             Was a High Priest of Vehumet.
             Slain by a two-headed ogre
             ... wielding a +0 giant club
              (35 damage)
             ... on level 1 of the Orcish Mines.
             The game lasted 00:40:52 (19721 turns).

zazu2006 the Covert (Naga Hedge Wizard)            Turns: 19721, Time: 00:40:54

Health: -1/109     AC: 16    Str: 21    XL:     12   Next: 79%
Magic:  11/24      EV:  8    Int: 16    God:    Vehumet [*****.]
Gold:   1357       SH:  0    Dex: 12    Spells: 3/28 levels left

rFire   . . .      SeeInvis +   k - +3 falchion (vorpal)
rCold   . . .      Faith    .   (no shield)
rNeg    . . .      Spirit   .   M - +4 ring mail of the Swamp {Str+6}
rPois   +          Reflect  .   c - +0 hat
rElec   .          Harm     .   (no cloak)
rCorr   .          Rampage  .   b - +0 pair of gloves
Will    +....                   a - +0 barding
Stlth   ++++......              j - amulet of the acrobat
HPRegen 0.28/turn               y - +4 ring of slaying
MPRegen 0.19/turn               q - ring of wizardry

@: very slightly contaminated, very slow
A: AC +4, large, see invisible, deformed body, poison resistance, slowness 2,
spit poison 1, naga tail 1
a: Spit Poison, Renounce Religion


You were on level 1 of the Orcish Mines.
You worshipped Vehumet.
Vehumet was extremely pleased with you.
You visited 3 branches of the dungeon, and saw 14 of its levels.

You collected 1357 gold pieces.

Inventory:

Hand Weapons
 k - a +3 vorpal falchion (weapon)
 D - a +2 vorpal long sword
Missiles
 I - 2 throwing nets
Armour
 a - a +0 barding (worn)
 b - a +0 pair of gloves (worn)
 c - a +0 hat (worn)
 e - a +0 troll leather armour
 M - the +4 ring mail of the Swamp (worn) {Str+6}
   (You found it on level 11 of the Dungeon)

   Str:       It affects your strength (+6).
Jewellery
 j - an amulet of the acrobat (around neck)
 n - a ring of flight
 q - a ring of wizardry (right hand)
 y - a +4 ring of slaying (left hand)
 L - a ring of wizardry
Wands
 x - a wand of iceblast (25)
 C - a wand of acid (3)
Scrolls
 f - 3 scrolls of magic mapping
 h - 2 scrolls of fog
 i - 7 scrolls of teleportation
 m - 3 scrolls of amnesia
 r - 2 scrolls of blinking
 s - 3 scrolls of noise {unknown}
 t - a scroll of silence
 u - 5 scrolls of fear {unknown}
 A - a scroll of enchant weapon {unknown}
 B - a scroll of brand weapon
 F - a scroll of summoning {unknown}
Potions
 d - a potion of magic
 g - 2 potions of might
 l - a potion of resistance {unknown}
 o - 4 potions of heal wounds
 p - 2 potions of brilliance {unknown}
 v - 2 potions of attraction
 w - 9 potions of curing {unknown}
 z - 3 potions of lignification {unknown}
 E - 3 potions of invisibility
 G - a potion of mutation
 H - 2 potions of berserk rage
 J - a potion of degeneration {unknown}
 K - a potion of haste


   Skills:
 + Level 7.2 Fighting
 + Level 10.4 Long Blades
 + Level 3.2 Armour
 + Level 5.0 Dodging
 + Level 10.8 Stealth
 + Level 8.6 Spellcasting
 + Level 7.3 Conjurations
 + Level 1.0 Summonings
 + Level 1.4 Translocations
 + Level 0.5 Fire Magic
 + Level 3.2 Air Magic
 + Level 2.0 Earth Magic
 + Level 7.8 Poison Magic
 + Level 0.7 Evocations


You had 3 spell levels left.
You knew the following spells:

 Your Spells              Type           Power      Damage    Failure   Level
a - Magic Dart            Conj           100%       1d8       1%          1
b - Mephitic Cloud        Conj/Pois/Air  26%        N/A       1%          3
c - Conjure Flame         Conj/Fire      19%        6-21      1%          3
d - Blink                 Tloc           22%        N/A       6%          2
e - Stone Arrow           Conj/Erth      42%        3d9       1%          3
f - Iskenderun's Mystic   Conj/Tloc      20%        2d6       3%          4
g - Olgreb's Toxic Radia  Pois           31%        N/A       1%          4
h - Lee's Rapid Deconstr  Erth           6%         3d7*      22%         5

Your spell library contained the following spells:

 Spells                   Type           Power      Damage    Failure   Level
 Sandblast                Erth           26%        2d8       1%          1
 Apportation              Tloc           22%        N/A       4%          1
 Summon Small Mammal      Summ           40%        N/A       4%          1
 Spider Form              Tmut/Pois      19%        N/A       4%          3
 Animate Skeleton         Necr           12%        N/A       7%          1
 Beastly Appendage        Tmut           12%        N/A       7%          1
 Slow                     Hex            24%        N/A       7%          1
 Call Imp                 Summ           10%        N/A       7%          2
 Passwall                 Tmut/Erth      8%         N/A       7%          2
 Ensorcelled Hibernation  Hex/Ice        12%        N/A       11%         2
 Wereblood                Tmut           6%         N/A       11%         2
 Animate Armour           Summ/Erth      22%        N/A       34%         4
 Anguish                  Hex/Necr       3%         N/A       52%         4
 Ozocubu's Refrigeration  Ice            3%         4d5       100%        7
 Ignition                 Fire           4%         3d4       100%        8
 Lehudib's Crystal Spear  Conj/Erth      10%        10d4      100%        8


Dungeon Overview and Level Annotations

Branches:
Dungeon (11/15)            Temple (1/1) D:6            Lair (0/6) D:11
    Orc (2/2) D:11
    Elf: Orc:2

Altars:
Cheibriados
Dithmenos
Fedhas
Hepliaklqana
Kikubaaqudgha
Makhleb
Nemelex Xobeh
Okawaru
Qazlal
Ru
Sif Muna
Trog
Uskayaw
Vehumet
Wu Jian
Yredelemnul
The Shining One
Beogh
Lugonu

Shops:
Orc:1 [

Portals:
Abyss: D:7


Innate Abilities, Weirdness & Mutations

Your serpentine skin is tough. (AC +4)
You have supernaturally acute eyesight. (SInv)
Armour fits poorly on your strangely shaped body.
Your system is resistant to poisons. (rPois)
You cover ground very slowly.
You can spit poison.
You have a snake-like lower body.


Message History

The two-headed ogre completely misses you.
Unknown command.
Casting: Mephitic Cloud (safe; 1% risk of failure)
Confirm with . or Enter, or press ? or * to list all spells.
You begin to radiate toxic energy.
The ogre is poisoned.
The orc warrior is poisoned.
The two-headed ogre is poisoned.
The orc warrior is poisoned.
The ogre is engulfed in noxious fumes.
The ogre appears confused.
The orc warrior is engulfed in noxious fumes.
The orc warrior appears confused.
The orc warrior is engulfed in noxious fumes.
The orc warrior appears confused.
Unknown command.
Unknown command.
The two-headed ogre looks even sicker.
The orc warrior looks even sicker.
Your toxic aura wanes.
The ogre is engulfed in noxious fumes.
The ogre appears confused.
The ogre hits the orc warrior with a +0 giant club!!
The orc warrior is killed!
Vehumet accepts your kill.
The ogre chortles and stares into space.
Casting: Olgreb's Toxic Radiance (mildly dangerous; 1% risk of failure)
Confirm with . or Enter, or press ? or * to list all spells.
Aiming: Stone Arrow (safe; 1% risk of failure)
Press: ? - help, Shift-Dir - straight line, f - two-headed ogre
Aim: a two-headed ogre, wielding two +0 giant clubs (lightly wounded, confused, very poisoned, 98% to hit)
The stone arrow hits the two-headed ogre!
The two-headed ogre is moderately wounded.
Something hits the ogre!!
The ogre is killed!
Vehumet accepts your kill.
You feel your power returning.
The two-headed ogre seems less confused.
Casting: Stone Arrow (safe; 1% risk of failure)
Confirm with . or Enter, or press ? or * to list all spells.
You miscast Blink.
You are very lightly contaminated with residual magic.
Nothing appears to happen.
The two-headed ogre hits you with a +0 giant club!!
You die...

##..###..........#####...#####..
##...##.##..#....##......## ##.
##...#.#..##...###...##..###..
## ###....[..###.......#........
.## #....[...##......####.#)...#
..#####..)>[####.....###
###....#
.##.###.)..#######.....# ##...#
..........[..##.#......####
#..##
#.......##)....O@..#......######
##.......#.......#.#.#.....#
###.....####....######...###
#......###.#.......#.#...##
#.......###........##...#.#
.........#......#......####
....##......#.###....###
...######...######.[.## ####
##### #[#[.[.##


You could see a two-headed ogre (poisoned).

Vanquished Creatures
  Nessos (Orc:2)
  Snorg (D:11)
  A hydra (D:11)
  A boulder beetle (Orc:1)
  5 two-headed ogres
  An ogre mage (Orc:1)
  An orc high priest (Orc:1)
  Sonja (D:10)
  Urug (D:11)
  A necromancer (D:9)
  Maurice (D:9)
  Joseph (D:9)
  2 unseen horrors (D:11)
  6 trolls
  Grinder (D:5)
  3 shadows
  A wraith (D:10)
  A wyvern (D:9)
  9 yaks
  2 vampires (D:11)
  A steam dragon (D:7)
  Edmund (D:5)
  4 wargs
  4 water moccasins
  An ice beast (D:7)
  13 orc warriors
  2 black bears
  A centaur (D:9)
  14 ogres
  3 phantoms
  A bullfrog (D:7)
  A gnoll sergeant (D:11)
  A scorpion (D:4)
  A troll zombie (D:11)
  21 killer bees
  4 jellies
  4 hounds
  17 orc priests
  An iron imp (D:3)
  Jessica (D:2)
  Ijyb (D:5)
  3 iguanas
  16 orc wizards
  2 wolf simulacra (D:9)
  7 ogre zombies (D:11)
  8 adders
  3 gnolls (D:11)
  2 shadow imps
  4 white imps
  3 ufetubi
  A worm (D:11)
  5 dart slugs
  54 orcs
  8 endoplasms
  5 giant cockroaches
  5 goblins
  8 hobgoblins
  2 jackals (D:2)
  4 kobolds
  2 quokkas (D:1)
  6 ball pythons
  7 bats
  5 frilled lizards
  2 goblin skeletons (D:11)
  A hobgoblin skeleton (D:11)
  3 hobgoblin zombies (D:11)
  4 orc skeletons (D:11)
  15 orc zombies (D:11)
  13 rats
  A lurking horror (D:7)
337 creatures vanquished.

Vanquished Creatures (collateral kills)
  4 killer bees
4 creatures vanquished.

Vanquished Creatures (others)
  4 killer bees
  7 plants
11 creatures vanquished.

Grand Total: 352 creatures vanquished

Notes
Turn   | Place    | Note
-------+----------+-------------------------------------------
     0 | D:1      | zazu2006 the Naga Hedge Wizard began the quest for the Orb.
     0 | D:1      | Reached XP level 1. HP: 15/15 MP: 4/4
   340 | D:1      | Reached XP level 2. HP: 22/22 MP: 0/6
   730 | D:1      | Reached XP level 3. HP: 22/28 MP: 2/8
   800 | D:1      | Learned a level 3 spell: Mephitic Cloud
   804 | D:1      | Learned a level 3 spell: Conjure Flame
   807 | D:1      | Learned a level 2 spell: Blink
   934 | D:1      | You fall into a shaft and drop 1 floor!
  1653 | D:2      | Reached XP level 4. HP: 31/36 MP: 1/10
  1737 | D:2      | Noticed Jessica
  1745 | D:2      | Killed Jessica
  2027 | D:2      | Reached XP level 5. HP: 16/43 MP: 7/11
  3289 | D:3      | Reached skill level 1 in Poison Magic
  3504 | D:3      | Found an ornate altar of the Wu Jian Council.
  3644 | D:3      | Found a snail-covered altar of Cheibriados.
  3906 | D:3      | Reached XP level 6. HP: 46/50 MP: 8/12
  4042 | D:3      | Reached skill level 1 in Long Blades
  4571 | D:4      | Reached skill level 1 in Fighting
  5081 | D:4      | Reached XP level 7. HP: 57/57 MP: 10/14
  5171 | D:4      | Learned a level 3 spell: Stone Arrow
  5561 | D:4      | Reached skill level 5 in Spellcasting
  6177 | D:5      | Entered Level 5 of the Dungeon
  6321 | D:5      | Reached XP level 8. HP: 52/67 MP: 12/15
  6434 | D:5      | Noticed Ijyb
  6450 | D:5      | Killed Ijyb
  6485 | D:5      | Noticed Grinder
  6500 | D:5      | Killed Grinder
  6666 | D:5      | Found a glowing golden altar of the Shining One.
  6792 | D:5      | Found a sacrificial altar of Ru.
  6807 | D:5      | Noticed Edmund
  6833 | D:5      | Killed Edmund
  7187 | D:6      | Found a staircase to the Ecumenical Temple.
  7237 | Temple   | Entered the Ecumenical Temple
  7242 | Temple   | Became a worshipper of Vehumet
  7497 | D:6      | Reached skill level 1 in Air Magic
  7573 | D:6      | Found a burning altar of Makhleb.
  7621 | D:6      | Reached skill level 5 in Poison Magic
  7758 | D:6      | Reached XP level 9. HP: 62/74 MP: 14/17
  8596 | D:7      | Reached skill level 5 in Stealth
  8715 | D:7      | Found a one-way gate to the infinite horrors of the Abyss.
  8715 | D:7      | Found a corrupted altar of Lugonu.
  8758 | D:7      | Reached skill level 5 in Long Blades
  8927 | D:7      | Found a shimmering blue altar of Sif Muna.
  9691 | D:7      | Found an ancient bone altar of Kikubaaqudgha.
  9883 | D:8      | Reached * piety under Vehumet
  9883 | D:8      | Offered knowledge of Shock by Vehumet.
 10177 | D:8      | Reached skill level 5 in Conjurations
 10630 | D:8      | Reached XP level 10. HP: 79/87 MP: 16/19
 10942 | D:9      | Offered knowledge of Static Discharge by Vehumet.
 10946 | D:9      | Reached ** piety under Vehumet
 11369 | D:9      | Noticed Joseph
 11386 | D:9      | Killed Joseph
 11387 | D:9      | Reached skill level 5 in Fighting
 11514 | D:9      | Noticed a two-headed ogre
 11533 | D:9      | Killed a two-headed ogre
 11856 | D:9      | Noticed Maurice
 11874 | D:9      | Killed Maurice
 12534 | D:9      | Found a shadowy altar of Dithmenos.
 12534 | D:9      | Found an iron altar of Okawaru.
 12663 | D:9      | Noticed a necromancer
 12865 | D:9      | Killed a necromancer
 12866 | D:9      | Reached XP level 11. HP: 96/97 MP: 16/21
 12979 | D:10     | Entered Level 10 of the Dungeon
 13252 | D:10     | Noticed Sonja
 13261 | D:10     | Killed Sonja
 13930 | D:11     | Found a staircase to the Orcish Mines.
 13930 | D:11     | Noticed Snorg
 13933 | D:11     | Offered knowledge of Frozen Ramparts by Vehumet.
 13956 | D:11     | Reached *** piety under Vehumet
 14206 | D:11     | Killed Snorg
 14207 | D:11     | Reached skill level 10 in Stealth
 14432 | D:11     | Noticed a two-headed ogre
 14440 | D:11     | Killed a two-headed ogre
 14445 | D:11     | Offered knowledge of Iskenderun's Mystic Blast by Vehumet.
 14465 | D:10     | Learned a level 4 spell: Iskenderun's Mystic Blast
 14857 | D:11     | Noticed a four-headed hydra
 15065 | D:11     | Reached skill level 1 in Earth Magic
 15239 | D:11     | Noticed Urug
 15259 | D:11     | Killed Urug
 15336 | D:11     | Found a staircase to the Lair.
 15438 | D:11     | Identified the +4 ring mail of the Swamp {Str+6}
 15662 | D:11     | Killed a four-headed hydra
 15663 | D:11     | Reached skill level 1 in Armour
 15985 | D:11     | Noticed a moth of wrath
 15988 | D:11     | Found a bloodstained altar of Trog.
 16128 | Orc:1    | Entered Level 1 of the Orcish Mines
 16128 | Orc:1    | Found Etocwoli's Antique Armour Boutique.
 16552 | Orc:1    | Noticed a boulder beetle
 16805 | Orc:2    | Entered Level 2 of the Orcish Mines
 16820 | Orc:1    | Reached XP level 12. HP: 87/106 MP: 21/23
 16849 | Orc:2    | Reached **** piety under Vehumet
 16982 | Orc:2    | Noticed an orc high priest
 17377 | Orc:2    | Noticed Nessos
 17412 | Orc:1    | Learned a level 4 spell: Olgreb's Toxic Radiance
 17462 | Orc:2    | Offered knowledge of Lee's Rapid Deconstruction by Vehumet.
 17577 | Orc:2    | Noticed an orc warlord
 17791 | Orc:2    | Noticed a two-headed ogre
 17813 | Orc:1    | Killed a boulder beetle
 18205 | Orc:2    | Reached skill level 10 in Long Blades
 18250 | Orc:2    | Noticed a two-headed ogre
 18261 | Orc:2    | Killed a two-headed ogre
 18354 | Orc:2    | Killed Nessos
 18367 | Orc:1    | Killed an orc high priest
 18537 | Orc:2    | Noticed a two-headed ogre
 18548 | Orc:2    | Killed a two-headed ogre
 18827 | Orc:2    | Noticed an ogre mage
 18846 | Orc:2    | Killed a two-headed ogre
 18864 | Orc:1    | Learned a level 5 spell: Lee's Rapid Deconstruction
 18941 | Orc:2    | Noticed an ogre mage
 18948 | Orc:2    | Noticed a two-headed ogre
 18967 | Orc:1    | Killed an ogre mage
 19312 | Orc:2    | Noticed a two-headed ogre
 19322 | Orc:2    | Noticed a two-headed ogre
 19322 | Orc:2    | Noticed a two-headed ogre
 19501 | Orc:2    | Noticed an ogre mage
 19507 | Orc:1    | Reached ***** piety under Vehumet
 19565 | Orc:1    | Reached skill level 5 in Dodging
 19708 | Orc:2    | Noticed a two-headed ogre
 19709 | Orc:2    | Noticed an ogre mage
 19721 | Orc:1    | Slain by a two-headed ogre

Illustrated notes

Levels and vault maps discovered:
D:1:      eino_arrival_tree_alley, layout_basic, serial_forest,
          infiniplex_forest_lined_corner, infiniplex_forest_zigzag_2,
          infiniplex_forest_lined_corner, infiniplex_forest_clump_medium,
          infiniplex_forest_end_2, infiniplex_forest_zigzag_1,
          infiniplex_forest_end_2
D:2:      layout_basic, uniq_jessica
D:3:      layout_basic, nicolae_overflow_hidden_temple, slow_altar_1
D:4:      layout_basic, kennysheep_orc_chapel
D:5:      layout_basic, tso_metal_star, nicolae_ru_awakened_eye, uniq_grinder,
          uniq_edmund, uniq_ijyb
D:6:      layout_basic, makhleb_heckhound_becter, minmay_temple_entry_glass,
          minmay_statues_item
D:7:      layout_loops_ring, nicolae_sif_muna_condensation,
          nicolae_kikubaaqudgha_miasma_corner, amcnicky_altar_lugonu_corruption
D:8:      layout_basic
D:9:      layout_basic, gammafunk_temple_overflow_wave, eino_house_with_fridge,
          uniq_joseph, uniq_maurice
D:10:     layout_irregular_city, uniq_sonja
D:11:     layout_basic, dpeg_oklobed_lair, zombieorc2_lemuel, tgw_trog,
          uniq_urug, uniq_snorg
Temple:   cyrus_circular_temple
Orc:1:    layout_diamond_mine, serial_shops, nicolae_shop_window_shopping,
          rock_pile
Orc:2:    st_orc_ogre_mass, layout_caves, mines2_david, uniq_nessos

Skill      XL: |  1  2  3  4  5  6  7  8  9 10 11 12 |
---------------+-------------------------------------+-----
Spellcasting   | 4 5 6 7 8 |  8.6
Conjurations   | 2 3 4 5 6 7 |  7.3
Poison Magic   | 1 2 3 5 6 7 |  7.8
Dodging        | 2 3 4 5 |  5.0
Long Blades    | 1 2 4 6 8 9 10 | 10.4
Fighting       | 1 2 4 5 6 7 |  7.2
Stealth        | 4 6 9 10 | 10.8
Air Magic      | 1 2 3 |  3.2
Earth Magic    | 1 2 |  2.0
Armour         | 1 3 |  3.2
Summonings     | |  1.0
Translocations | |  1.4
Fire Magic     | |  0.5
Evocations     | |  0.7

Action                   |  1- 3 |  4- 6 |  7- 9 | 10-12 || total
-------------------------+-------+-------+-------+-------++-------
Melee: Dagger            |    17 |     6 |       |       ||    23
       Punch             |     1 |     1 |       |     5 ||     7
       Falchion          |       |    69 |   196 |   416 ||   681
 Cast: Magic Dart        |    69 |    86 |    92 |    37 ||   284
       Mephitic Cloud    |       |     5 |    18 |    69 ||    92
       Blink             |       |       |     1 |     5 ||     6
       Conjure Flame     |       |       |     2 |     5 ||     7
       Stone Arrow       |       |       |       |    51 ||    51
       Iskenderun's Myst |       |       |       |     2 ||     2
       Olgreb's Toxic Ra |       |       |       |    21 ||    21
 Abil: Spit Poison       |    12 |     7 |    10 |    15 ||    44
Evoke: Wand              |       |       |       |     9 ||     9
  Use: Scroll            |       |       |       |    12 ||    12
 Stab: Confused          |       |     3 |    10 |    27 ||    40
       Sleeping          |       |       |     2 |     7 ||     9
       Paralysed         |       |       |       |     1 ||     1
Armor: Robe              |     9 |    15 |    28 |    33 ||    85
       Ring mail         |       |       |       |    64 ||    64
       Troll leather arm |       |       |       |     2 ||     2
Dodge: Dodged            |    20 |    49 |   114 |   261 ||   444

Table legend: (Time is in decaauts)
 A = Elapsed time spent in this place.
 B = Non-inter-level travel time spent in this place.
 C = Inter-level travel time spent in this place.
 D = Time resting spent in this place.
 E = Time spent auto-exploring this place.
 F = Levels seen in this place.
 G = Mean time per level.
                   A        B        C        D        E       F      G
               +--------+--------+--------+--------+--------+-----+--------+
         Total |  23132 |  22665 |    467 |   3058 |  15674 |  14 | 1652.3 |
       Dungeon |  19127 |  18686 |    441 |   1250 |  14838 |  11 | 1738.8 |
        Temple |     13 |      6 |      7 |      0 |      0 |   1 |   13.0 |
  Orcish Mines |   3990 |   3971 |     19 |   1808 |    836 |   2 | 1995.0 |
               +--------+--------+--------+--------+--------+-----+--------+

Top non-repeatable levels by time:
   Orc:1: 3370 daAuts
     D:9: 2584 daAuts
     D:4: 2300 daAuts
    D:11: 1963 daAuts
    D:10: 1818 daAuts
     D:2: 1775 daAuts
     D:3: 1758 daAuts
     D:6: 1717 daAuts
     D:1: 1623 daAuts
     D:7: 1548 daAuts
     D:5: 1022 daAuts
     D:8: 1015 daAuts
   Orc:2: 620 daAuts
  Temple: 13 daAuts
